 Dungeon Crawl Stone Soup version 0.22-a0-283-g1871b15 (webtiles) character file.

64 Gorglomux the Skirmisher (level 4, -2/38 HPs)
             Began as a Barachi Fighter on Mar 19, 2018.
             Slain by a gnoll
             ... wielding a +0 halberd
              (13 damage)
             ... on level 2 of the Dungeon.
             The game lasted 00:01:18 (1282 turns).

Gorglomux the Skirmisher (Barachi Fighter)          Turns: 1282, Time: 00:01:18

Health: -2/38      AC:  7    Str: 18 (19) XL:     4   Next: 12%
Magic:  4/4        EV:  7    Int:  7 (8)  God:
Gold:   130        SH:  9    Dex:  9 (11) Spells: 3/3 levels left

rFire    + . .     SeeInvis .   a - +0 war axe
rCold    + . .     Gourm    .   c - +0 shield
rNeg     . . .     Faith    .   b - +0 scale mail
rPois    +         Spirit   .   (no helmet)
rElec    +         Reflect  .   (no cloak)
rCorr    +         Harm     .   (no gloves)
MR       .....                  (no boots)
Stlth    ..........             (no amulet)
HPRegen  0.12/turn              (no ring)
MPRegen  0.09/turn              (no ring)

@: resistant, can't hop, slow
A: +LOS, swims, slowness 1, strong legs 1
a: Hop


You were on level 2 of the Dungeon.
You were not hungry.

You visited 1 branch of the dungeon, and saw 2 of its levels.

You collected 130 gold pieces.

Inventory:

Hand Weapons
 a - a +0 war axe (weapon)
Armour
 b - a +0 scale mail (worn)
 c - a +0 shield (worn)
Jewellery
 g - an uncursed ring of poison resistance {unknown}
 p - an uncursed amulet of the acrobat {unknown}
Scrolls
 o - a scroll of blinking {unknown}
 q - a scroll of enchant weapon {unknown}
 R - 2 scrolls of identify
Potions
 d - a potion of might
 k - a potion of lignification
Comestibles
 f - 4 rations
 n - 10 chunks of flesh


   Skills:
 + Level 4.3 Fighting
 + Level 2.9 Axes
 + Level 4.2 Armour
 + Level 3.9 Shields


You had 3 spell levels left.
You didn't know any spells.

Dungeon Overview and Level Annotations

Branches:
Dungeon (2/15)

Altars:


Innate Abilities, Weirdness & Mutations

Shadows flee at your approach. (+LOS)
You can swim through water.
You cover ground slowly.
You can hop short distances.


Message History

The gnoll is butt-ly wounded!
You block the gnoll's attack!
The gnoll hits you from afar with a halberd!!!
You closely miss the gnoll!
The gnoll is heavily wounded!
The butt hits you with a spear of flaming!
The gnoll burns you!
The gnoll hits you from afar with a halberd!!! * * * don't die
* * * The gnoll hits you but does no damage!
A kobold comes into butt!
It is wielding a dagger!
As you read the scroll labeled MIOL GEESTRIA, it crumbles to dust!
It is a scroll of identify!
k - a potion of lignification;
R - 2 butts of butt The kobold shouts!!!
The gnoll closely misses you!
It was a potion of resistance!
You feel protected!
The gnoll hits you from afar with a halberd!!! rip

.....##...# #........#
.#.#......#. #.##...#.#
............ #. ###.#.#
.#.#....#### #. #.#.#
##.###### #.####.#.#
......########........#
##..#.##..........(...#
#..# ##.............##
#..# #........@....#
#..#
#........###.#######.
##..#
#......gg###g........
....#
#..........gg........
#...#
#>........###########
#...#
#######...........
#...#.### ###.########
........# ... ......#.#
#...


You could see 2 gnolls.

Vanquished Creatures
  Robin (D:2)
  A worm (D:2)
  A dart slug (D:1)
  3 leopard geckos
  4 bats
  A giant cockroach (D:2)
  12 goblins
  7 hobgoblins
  2 jackals (D:2)
  3 kobolds
  A frilled lizard (D:1)
  3 rats
39 creatures vanquished.

Notes
Turn   | Place    | Note
-------+----------+-------------------------------------------
     0 | D:1      | Gorglomux the Barachi Fighter began the quest for the Orb.
     0 | D:1      | Reached XP level 1. HP: 18/18 MP: 1/1
   195 | D:1      | Reached XP level 2. HP: 13/25 MP: 2/2
   940 | D:2      | Reached XP level 3. HP: 30/30 MP: 3/3
   942 | D:2      | Noticed Robin
   974 | D:2      | Killed Robin
  1165 | D:2      | Reached XP level 4. HP: 19/37 MP: 4/4
  1282 | D:2      | Slain by a gnoll

Vault maps used:
D:1:      scummos_arrival_forest, minmay_crystal_room, minmay_misc_feat_encased
D:2:      grunt_temple_overflow_forces_of_nature, uniq_robin

Skill      XL: |  1  2 |
---------------+-------+-----
Fighting       | 4 |  4.3
Armour         | 4 |  4.2
Axes           | |  2.9
Shields        | |  3.9

Action                   |  1- 3 |  4- 6 || total
-------------------------+-------+-------++-------
Melee: War axe           |   118 |    15 ||   133
 Abil: Hop               |     1 |     1 ||     2
  Use: Potion            |       |     3 ||     3
       Scroll            |       |     1 ||     1
  Eat: Chunk             |     2 |       ||     2
Armor: Scale mail        |    57 |     7 ||    64
Dodge: Dodged            |    39 |    11 ||    50
Block: Shield            |    64 |    10 ||    74

Table legend:
 A = Spawn XP
 B = Non-spawn XP
 C = Spawn XP percentage of total XP
 D = Spawn monster count
 E = Non-spawn monster count
 F = Spawn count percentage of total count
 G = Total turns spent on level
                    A         B        C        D         E        F      G
               +---------+---------+-------+---------+---------+-------+---------
         Total |       0 |      92 |   0.0 |       0 |      39 |   0.0 |  1282
               +---------+---------+-------+---------+---------+-------+---------
           D:1 |       0 |      26 |   0.0 |       0 |      13 |   0.0 |   873
           D:2 |       0 |      66 |   0.0 |       0 |      26 |   0.0 |   409
               +---------+---------+-------+---------+---------+-------+---------
